AoeStats
← ~BroKen~

Baltic

510826820Analyzed
2v2 RM · 20h ago on Oct 2, 2026· 38m 40s· 4 players
Game mode
Random Map
Map size
Medium (4 player)
Population
200
Speed
Normal
Resources
Standard
Victory
Conquest
Starting age
Dark Age
Ending age
Imperial Age
RankedLock teamsTeams togetherTeam positionsShared explorationLock speedFull tech treeHidden civsTurbo modeCheats
Victory
Defeat
🇦🇷 Mongols · Argentina
1772
+11
🇦🇷 Magyars · Argentina
1685
+15
🇩🇪 Italians · Germany
1667
-13
🇩🇪 Persians · Germany
1660
-13
Falsche Haut
5:06 Loom
9:28 Feudal Age
12:12 Fishing Lines
14:31 Double-Bit Axe
23:01 Castle Age
23:48 Gillnets
24:42 Bow Saw
27:22 Medium Warships
27:29 Fletching
27:57 Horse Collar
28:13 Gold Mining
Saint Martinique
4:57 Loom
11:15 Feudal Age
11:55 Double-Bit Axe
15:52 Fletching
16:43 Padded Archer Armor
19:46 Castle Age
18:10 Fishing Lines
20:29 Bow Saw
23:19 Scale Barding Armor
25:41 Medium Warships
38:06 Chain Barding Armor
~BroKen~
5:51 Loom
9:13 Feudal Age
10:24 Double-Bit Axe
17:11 Scale Barding Armor
20:21 Bloodlines
24:32 Castle Age
24:26 Wheelbarrow
23:33 Horse Collar
23:50 Gold Mining
25:34 Chain Barding Armor
24:36 Light Cavalry
25:17 Husbandry
27:05 Bow Saw
34:06 Hand Cart
39:22 Imperial Age
Mr Fino
7:16 Loom
9:36 Feudal Age
15:33 Fletching
23:54 Double-Bit Axe
28:26 Wheelbarrow
27:36 Town Watch
31:12 Castle Age
29:37 Gold Mining
32:29 Medium Warships
32:42 Bow Saw
33:35 Hand Cart
37:52 Bodkin Arrow
Connection lost

Rejoining the realm…

Still unreachable

The connection could not be restored.

Session expired

The server has moved on; the page needs a fresh start.